[ PARTIDA AOE2 · #477338821 ]
UnrankedJemeres vs Khmer
[ ANÁLISIS DE REPETICIÓN · EXTRAÍDO DE LA PARTIDA GRABADA ]
Feudal
11:17
Castillos
15:37
Imperial
30:24
| APM promedio | 25.7 |
| APM pico | 48 |
| eAPM promedio | 18.3 |
| Aldeanos / militares | 132 / 416 |
Foco
⚔️ 41.0% · 🌾 59.0%
Scout Cavalry ×301 · Battle Elephant ×110 · Trade Cart ×18 · Ballista Elephant ×3 · Monk ×1 · Mangonel ×1
Feudal
11:51
Castillos
16:17
Imperial
49:09
| APM promedio | 22.4 |
| APM pico | 57 |
| eAPM promedio | 17.5 |
| Aldeanos / militares | 148 / 377 |
Foco
⚔️ 39.8% · 🌾 60.2%
Spearman ×235 · Unknown (2550) ×95 · Petard ×52 · Battering Ram ×48 · Kamayuk ×42
Feudal
10:06
Castillos
12:47
Imperial
26:37
| APM promedio | 54.9 |
| APM pico | 109 |
| eAPM promedio | 29.4 |
| Aldeanos / militares | 155 / 608 |
Foco
⚔️ 42.2% · 🌾 57.8%
Battle Elephant ×394 · Scout Cavalry ×210 · Trebuchet (Packed) ×4
Feudal
10:59
Castillos
14:40
Imperial
29:14
| APM promedio | 30.6 |
| APM pico | 59 |
| eAPM promedio | 22.0 |
| Aldeanos / militares | 209 / 512 |
Foco
⚔️ 30.0% · 🌾 70.0%
Spearman ×293 · Knight ×207 · Scout Cavalry ×8 · Monk ×3 · Militia ×1
Feudal
10:19
Castillos
14:06
Imperial
41:27
| APM promedio | 31.5 |
| APM pico | 75 |
| eAPM promedio | 20.8 |
| Aldeanos / militares | 166 / 270 |
Foco
⚔️ 37.4% · 🌾 62.6%
Hand Cannoneer ×213 · Spearman ×33 · Bombard Cannon ×16 · Mangonel ×6 · Hussite Wagon ×1 · Trebuchet (Packed) ×1
Feudal
—
Castillos
—
Imperial
—
| APM promedio | 26.0 |
| APM pico | 52 |
| eAPM promedio | 16.1 |
| Aldeanos / militares | 140 / 504 |
Foco
⚔️ 37.2% · 🌾 62.8%
Spearman ×247 · Scorpion ×237 · Trebuchet (Packed) ×20
Feudal
9:55
Castillos
16:20
Imperial
34:17
| APM promedio | 24.6 |
| APM pico | 74 |
| eAPM promedio | 13.6 |
| Aldeanos / militares | 129 / 144 |
Foco
⚔️ 38.7% · 🌾 61.3%
Knight ×96 · Spearman ×44 · Battering Ram ×2 · Mangonel ×1 · Scout Cavalry ×1
Feudal
10:19
Castillos
14:09
Imperial
31:35
| APM promedio | 23.1 |
| APM pico | 68 |
| eAPM promedio | 16.7 |
| Aldeanos / militares | 164 / 94 |
Foco
⚔️ 25.4% · 🌾 74.6%
Archer ×76 · Bombard Cannon ×16 · Monk ×2
Mapa de la partida
Recursos iniciales + cada clic de construcción. Líneas = muros · curvas = relieve. ◆ oro · ⬟ piedra · ● bayas · ✦ reliquia · ◌ hueco del cierre
Tu base· ✓ Cerrada en 15:37 · 0t muro · 2 puerta(s)
Base de [KT] The Best· ✓ Cerrada en 16:17 · 0t muro · 3 puerta(s)
Base de Erich Müller· ✓ Cerrada en 12:47 · 0t muro · 3 puerta(s)
Base de VkA | Teiuska· ✓ Cerrada en 14:40 · 0t muro · 2 puerta(s)
Base de KeremS· ✓ Cerrada en 14:06 · 0t muro · 2 puerta(s)
Base de fthkzlty· ✓ Cerrada en 11:51 · 0t muro · 3 puerta(s)
Base de FirstLady· ✓ Cerrada en 16:20 · 0t muro · 2 puerta(s)
Base de Empiio· ✓ Cerrada en 14:09 · 0t muro · 3 puerta(s)
Terreno inicial suavizado · ◌ = hueco del cierre detectado · pasá el cursor para detalles
Inputs por minuto
— Kuheylan - - [KT] The Best
Build order — Kuheylan
Primeras 150 de 648 acciones detectadas
| 0:01 | Crear | Villager (Male) |
| 0:01 | Crear | Villager (Male) |
| 0:01 | Crear | Villager (Male) |
| 0:02 | Crear | Villager (Male) |
| 0:02 | Crear | Villager (Male) |
| 0:04 | Construir | House |
| 0:06 | Construir | House |
| 1:27 | Crear | Villager (Male) |
| 2:07 | Crear | Villager (Male) |
| 2:11 | Construir | Lumber Camp |
| 2:17 | Crear | Villager (Male) |
| 2:44 | Crear | Villager (Male) |
| 2:59 | Crear | Villager (Male) |
| 3:29 | Construir | House |
| 3:56 | Crear | Villager (Male) |
| 3:57 | Crear | Villager (Male) |
| 4:17 | Crear | Villager (Male) |
| 4:20 | Construir | Mill |
| 4:52 | Crear | Villager (Male) |
| 4:52 | Crear | Villager (Male) |
| 4:58 | Crear | Villager (Male) |
| 5:22 | Construir | House |
| 5:28 | Crear | Villager (Male) |
| 5:50 | Crear | Villager (Male) |
| 6:06 | Crear | Villager (Male) |
| 6:17 | Crear | Villager (Male) |
| 6:28 | Crear | Villager (Male) |
| 7:14 | Crear | Villager (Male) |
| 7:33 | Crear | Villager (Male) |
| 7:46 | Crear | Villager (Male) |
| 7:55 | Crear | Villager (Male) |
| 8:15 | Construir | Mining Camp |
| 9:07 | Investigar | Feudal Age |
| 9:21 | Crear | Villager (Male) |
| 9:42 | Construir | House |
| 9:53 | Crear | Villager (Male) |
| 10:34 | Crear | Villager (Male) |
| 11:10 | Crear | Villager (Male) |
| 11:17 | Edad | Edad Feudal |
| 11:22 | Construir | Market |
| 11:28 | Construir | Blacksmith |
| 12:19 | Crear | Villager (Male) |
| 12:57 | Investigar | Castle Age |
| 13:49 | Construir | House |
| 13:59 | Construir | Farm |
| 14:30 | Crear | Villager (Male) |
| 14:46 | Investigar | Double-Bit Axe |
| 15:37 | Edad | Edad de los Castillos |
| 15:39 | Construir | Town Center |
| 15:47 | Construir | Castle |
| 15:55 | Construir | Siege Workshop |
| 15:58 | Crear | Villager (Male) |
| 15:58 | Crear | Villager (Male) |
| 16:04 | Construir | Town Center |
| 16:41 | Construir | Farm |
| 16:53 | Construir | Farm |
| 16:57 | Construir | Farm |
| 17:02 | Construir | Farm |
| 17:08 | Construir | Farm |
| 17:25 | Crear | Villager (Male) |
| 17:50 | Crear | Villager (Male) |
| 17:53 | Construir | Farm |
| 17:59 | Construir | Farm |
| 17:59 | Construir | Farm |
| 18:00 | Construir | Farm |
| 18:00 | Construir | Farm |
| 18:10 | Crear | Villager (Male) |
| 18:24 | Construir | Farm |
| 18:29 | Crear | Ballista Elephant |
| 18:36 | Construir | Farm |
| 18:46 | Construir | Farm |
| 18:56 | Crear | Ballista Elephant |
| 19:09 | Crear | Villager (Male) |
| 19:30 | Crear | Ballista Elephant |
| 19:32 | Crear | Mangonel |
| 19:43 | Crear | Villager (Male) |
| 19:52 | Crear | Villager (Male) |
| 19:52 | Crear | Villager (Male) |
| 20:15 | Crear | Villager (Male) |
| 20:17 | Crear | Villager (Male) |
| 20:21 | Construir | Farm |
| 20:26 | Construir | Town Center |
| 20:28 | Crear | Villager (Male) |
| 20:46 | Construir | Farm |
| 20:49 | Crear | Villager (Male) |
| 20:49 | Crear | Villager (Male) |
| 20:52 | Crear | Villager (Male) |
| 21:27 | Crear | Villager (Male) |
| 21:33 | Construir | Farm |
| 21:35 | Construir | Farm |
| 21:36 | Crear | Villager (Male) |
| 21:36 | Crear | Villager (Male) |
| 22:10 | Crear | Villager (Male) |
| 22:10 | Crear | Villager (Male) |
| 22:18 | Crear | Villager (Male) |
| 22:18 | Crear | Villager (Male) |
| 22:20 | Construir | Farm |
| 22:22 | Construir | Farm |
| 22:50 | Construir | Farm |
| 22:52 | Construir | Farm |
| 23:04 | Construir | Farm |
| 23:05 | Crear | Villager (Male) |
| 23:05 | Crear | Villager (Male) |
| 23:08 | Crear | Villager (Male) |
| 23:08 | Crear | Villager (Male) |
| 23:17 | Construir | Monastery |
| 23:19 | Crear | Villager (Male) |
| 23:20 | Crear | Villager (Male) |
| 23:23 | Crear | Villager (Male) |
| 23:23 | Crear | Villager (Male) |
| 23:27 | Construir | Farm |
| 23:27 | Construir | Farm |
| 23:28 | Construir | Farm |
| 23:28 | Construir | Farm |
| 23:29 | Construir | Farm |
| 23:32 | Crear | Villager (Male) |
| 23:33 | Crear | Villager (Male) |
| 23:36 | Construir | Farm |
| 23:39 | Crear | Villager (Male) |
| 23:43 | Construir | Farm |
| 23:46 | Crear | Villager (Male) |
| 23:46 | Crear | Villager (Male) |
| 24:00 | Crear | Villager (Male) |
| 24:01 | Crear | Villager (Male) |
| 24:01 | Crear | Villager (Male) |
| 24:08 | Construir | Barracks |
| 24:11 | Crear | Monk |
| 24:14 | Construir | Farm |
| 24:17 | Construir | Farm |
| 24:20 | Crear | Villager (Male) |
| 24:20 | Crear | Villager (Male) |
| 24:22 | Construir | Farm |
| 24:25 | Crear | Villager (Male) |
| 24:34 | Crear | Villager (Male) |
| 24:34 | Crear | Villager (Male) |
| 24:36 | Construir | Farm |
| 24:38 | Crear | Villager (Male) |
| 24:38 | Crear | Villager (Male) |
| 24:43 | Crear | Villager (Male) |
| 24:43 | Crear | Villager (Male) |
| 24:51 | Construir | Farm |
| 24:53 | Construir | Farm |
| 24:55 | Crear | Villager (Male) |
| 24:55 | Crear | Villager (Male) |
| 24:56 | Crear | Villager (Male) |
| 25:03 | Construir | Farm |
| 25:06 | Crear | Villager (Male) |
| 25:06 | Crear | Villager (Male) |
| 25:11 | Construir | Farm |
| 25:19 | Construir | House |
Build order — [KT] The Best
Primeras 150 de 381 acciones detectadas
| 0:05 | Crear | Villager (Male) |
| 0:07 | Construir | House |
| 0:11 | Crear | Villager (Male) |
| 0:12 | Crear | Villager (Male) |
| 0:23 | Crear | Villager (Male) |
| 1:25 | Crear | Villager (Male) |
| 1:25 | Crear | Villager (Male) |
| 1:51 | Construir | Settlement |
| 1:56 | Crear | Villager (Male) |
| 1:57 | Crear | Villager (Male) |
| 2:28 | Crear | Villager (Male) |
| 2:28 | Crear | Villager (Male) |
| 2:43 | Crear | Villager (Male) |
| 2:56 | Crear | Villager (Male) |
| 2:56 | Crear | Villager (Male) |
| 3:33 | Crear | Villager (Male) |
| 3:33 | Crear | Villager (Male) |
| 3:54 | Crear | Villager (Male) |
| 3:54 | Crear | Villager (Male) |
| 4:40 | Crear | Villager (Male) |
| 4:41 | Crear | Villager (Male) |
| 4:41 | Crear | Villager (Male) |
| 4:41 | Crear | Villager (Male) |
| 5:00 | Construir | Settlement |
| 5:13 | Crear | Villager (Male) |
| 5:13 | Crear | Villager (Male) |
| 6:34 | Crear | Villager (Male) |
| 6:36 | Crear | Villager (Male) ×5 |
| 7:06 | Crear | Villager (Male) |
| 7:32 | Crear | Villager (Male) |
| 8:33 | Construir | Settlement |
| 9:04 | Investigar | Feudal Age |
| 10:23 | Crear | Villager (Male) |
| 10:26 | Investigar | Loom |
| 10:59 | Construir | Farm |
| 11:03 | Construir | Farm |
| 11:06 | Construir | Farm |
| 11:51 | Edad | Edad Feudal |
| 11:53 | Construir | Market |
| 12:04 | Crear | Villager (Male) |
| 12:32 | Crear | Villager (Male) |
| 12:34 | Investigar | Loom |
| 12:52 | Construir | Blacksmith |
| 13:12 | Investigar | Double-Bit Axe |
| 13:37 | Investigar | Castle Age |
| 13:38 | Investigar | Castle Age |
| 13:50 | Investigar | Stone Mining |
| 14:13 | Investigar | Scale Mail Armor |
| 14:31 | Construir | Farm |
| 14:34 | Construir | Farm |
| 14:43 | Investigar | Horse Collar |
| 15:02 | Construir | Farm |
| 15:35 | Construir | Farm |
| 16:17 | Edad | Edad de los Castillos |
| 16:19 | Construir | Castle |
| 16:28 | Crear | Villager (Male) |
| 16:31 | Construir | Farm |
| 16:34 | Crear | Villager (Male) |
| 16:40 | Construir | Farm |
| 16:45 | Construir | Farm |
| 16:53 | Investigar | Fletching |
| 17:05 | Construir | Settlement |
| 17:24 | Crear | Villager (Male) |
| 17:35 | Construir | Farm |
| 17:41 | Crear | Villager (Male) |
| 17:50 | Construir | Farm |
| 17:52 | Crear | Villager (Male) |
| 18:15 | Investigar | Bodkin Arrow |
| 18:20 | Investigar | Town Watch |
| 18:41 | Investigar | Bow Saw |
| 19:20 | Construir | Castle |
| 19:31 | Crear | Villager (Male) |
| 19:35 | Construir | Farm |
| 19:43 | Crear | Petard |
| 19:53 | Crear | Villager (Male) |
| 19:55 | Construir | Farm |
| 19:57 | Construir | Farm |
| 20:37 | Crear | Petard ×5 |
| 20:37 | Crear | Petard ×5 |
| 20:37 | Crear | Petard |
| 20:49 | Crear | Villager (Male) |
| 20:59 | Crear | Villager (Male) |
| 21:23 | Crear | Villager (Male) |
| 21:40 | Construir | Farm |
| 21:41 | Construir | Farm |
| 21:43 | Crear | Villager (Male) |
| 21:56 | Crear | Petard ×2 |
| 21:56 | Crear | Petard ×2 |
| 21:57 | Crear | Petard |
| 22:11 | Construir | Farm |
| 22:17 | Construir | Farm |
| 22:19 | Crear | Villager (Male) |
| 22:31 | Crear | Petard |
| 22:51 | Crear | Petard ×3 |
| 23:11 | Crear | Villager (Male) |
| 23:16 | Construir | Farm |
| 24:25 | Construir | Castle |
| 24:54 | Crear | Kamayuk ×2 |
| 24:54 | Crear | Kamayuk ×2 |
| 26:04 | Construir | Castle |
| 26:07 | Construir | House |
| 26:13 | Construir | House |
| 26:19 | Construir | House |
| 26:20 | Crear | Villager (Male) |
| 26:31 | Crear | Petard ×5 |
| 26:31 | Crear | Petard ×5 |
| 26:31 | Crear | Petard ×5 |
| 26:32 | Crear | Petard ×5 |
| 26:32 | Crear | Petard ×4 |
| 26:43 | Crear | Villager (Male) |
| 26:44 | Crear | Villager (Male) |
| 26:44 | Crear | Villager (Male) |
| 26:44 | Crear | Villager (Male) |
| 27:27 | Construir | House |
| 27:29 | Construir | House |
| 27:33 | Construir | House |
| 28:26 | Crear | Kamayuk ×5 |
| 28:26 | Crear | Kamayuk ×5 |
| 28:26 | Crear | Kamayuk ×5 |
| 28:27 | Crear | Kamayuk ×2 |
| 28:27 | Crear | Kamayuk ×2 |
| 28:49 | Investigar | Forging |
| 28:58 | Crear | Kamayuk ×5 |
| 28:58 | Crear | Kamayuk ×5 |
| 28:59 | Crear | Kamayuk ×5 |
| 29:31 | Crear | Villager (Male) |
| 29:32 | Construir | Farm |
| 29:34 | Crear | Villager (Male) |
| 29:52 | Crear | Petard |
| 30:08 | Crear | Petard ×3 |
| 30:08 | Crear | Petard ×3 |
| 31:10 | Crear | Villager (Male) |
| 31:11 | Crear | Villager (Male) |
| 32:37 | Crear | Kamayuk ×2 |
| 32:38 | Crear | Kamayuk ×2 |
| 32:45 | Construir | Town Center |
| 33:43 | Crear | Villager (Male) |
| 33:43 | Crear | Villager (Male) |
| 33:43 | Crear | Villager (Male) |
| 33:43 | Crear | Villager (Male) |
| 33:44 | Crear | Villager (Male) |
| 33:44 | Crear | Villager (Male) |
| 33:51 | Investigar | Heavy Plow |
| 33:51 | Investigar | Gold Mining |
| 33:53 | Crear | Villager (Male) |
| 34:11 | Crear | Villager (Male) |
| 34:16 | Construir | House |
| 34:17 | Construir | House |
| 34:18 | Construir | House |
| 34:19 | Construir | House |
Build order — Erich Müller
Primeras 150 de 586 acciones detectadas
| 0:00 | Crear | Villager (Male) |
| 0:01 | Crear | Villager (Male) |
| 0:01 | Crear | Villager (Male) |
| 0:01 | Crear | Villager (Male) |
| 0:02 | Construir | House |
| 0:04 | Construir | House |
| 1:25 | Crear | Villager (Male) |
| 1:26 | Crear | Villager (Male) |
| 1:47 | Construir | Lumber Camp |
| 2:00 | Crear | Villager (Male) |
| 2:00 | Crear | Villager (Male) |
| 2:26 | Crear | Villager (Male) |
| 2:27 | Crear | Villager (Male) |
| 3:04 | Crear | Villager (Male) |
| 3:04 | Crear | Villager (Male) |
| 3:16 | Crear | Villager (Male) |
| 3:51 | Construir | House |
| 3:59 | Crear | Villager (Male) |
| 4:00 | Crear | Villager (Male) |
| 4:12 | Construir | Mill |
| 4:29 | Crear | Villager (Male) |
| 4:54 | Crear | Villager (Male) |
| 4:54 | Crear | Villager (Male) |
| 4:54 | Crear | Villager (Male) |
| 4:54 | Crear | Villager (Male) |
| 5:57 | Crear | Villager (Male) |
| 5:58 | Construir | House |
| 6:28 | Crear | Villager (Male) |
| 6:40 | Crear | Villager (Male) |
| 6:48 | Crear | Villager (Male) |
| 7:12 | Construir | Mining Camp |
| 7:22 | Construir | Farm |
| 7:38 | Construir | Farm |
| 7:51 | Investigar | Feudal Age |
| 7:51 | Investigar | Feudal Age |
| 8:49 | Construir | House |
| 10:06 | Edad | Edad Feudal |
| 10:07 | Investigar | Castle Age |
| 10:07 | Investigar | Castle Age |
| 10:44 | Investigar | Double-Bit Axe |
| 10:44 | Investigar | Double-Bit Axe |
| 10:59 | Investigar | Horse Collar |
| 10:59 | Investigar | Horse Collar |
| 12:17 | Crear | Villager (Male) |
| 12:17 | Crear | Villager (Male) |
| 12:47 | Edad | Edad de los Castillos |
| 12:48 | Construir | Town Center |
| 12:50 | Construir | Town Center |
| 13:04 | Investigar | Heavy Plow |
| 13:04 | Investigar | Heavy Plow |
| 13:28 | Construir | Farm |
| 13:34 | Crear | Villager (Male) |
| 13:47 | Construir | Farm |
| 13:59 | Crear | Villager (Male) |
| 14:07 | Crear | Villager (Male) |
| 14:08 | Crear | Villager (Male) |
| 14:08 | Crear | Villager (Male) |
| 14:11 | Crear | Villager (Male) |
| 14:11 | Crear | Villager (Male) |
| 14:11 | Crear | Villager (Male) |
| 14:17 | Construir | Farm |
| 14:20 | Crear | Villager (Male) |
| 14:22 | Construir | Farm |
| 14:42 | Construir | Farm |
| 14:44 | Construir | Farm |
| 14:46 | Construir | Farm |
| 14:47 | Crear | Villager (Male) |
| 14:47 | Crear | Villager (Male) |
| 14:54 | Crear | Villager (Male) |
| 14:55 | Crear | Villager (Male) |
| 15:00 | Construir | Farm |
| 15:06 | Crear | Villager (Male) |
| 15:06 | Crear | Villager (Male) |
| 15:09 | Construir | Farm |
| 15:19 | Construir | Farm |
| 15:20 | Crear | Villager (Male) |
| 15:20 | Crear | Villager (Male) |
| 15:24 | Construir | Farm |
| 15:33 | Construir | Farm |
| 15:34 | Crear | Villager (Male) |
| 15:34 | Crear | Villager (Male) |
| 15:37 | Construir | Farm |
| 15:43 | Crear | Villager (Male) |
| 15:43 | Crear | Villager (Male) |
| 15:53 | Crear | Villager (Male) |
| 15:53 | Crear | Villager (Male) |
| 15:54 | Construir | Farm |
| 16:06 | Crear | Villager (Male) |
| 16:06 | Crear | Villager (Male) |
| 16:09 | Construir | Farm |
| 16:11 | Construir | Farm |
| 16:12 | Crear | Villager (Male) |
| 16:12 | Crear | Villager (Male) |
| 16:20 | Construir | House |
| 16:21 | Crear | Villager (Male) |
| 16:21 | Crear | Villager (Male) |
| 16:25 | Construir | Farm |
| 16:37 | Crear | Villager (Male) |
| 16:37 | Crear | Villager (Male) |
| 16:38 | Crear | Villager (Male) |
| 16:42 | Construir | Farm |
| 16:44 | Crear | Villager (Male) |
| 16:47 | Construir | Farm |
| 16:51 | Construir | House |
| 16:51 | Construir | House |
| 16:52 | Crear | Villager (Male) |
| 16:52 | Crear | Villager (Male) |
| 17:14 | Crear | Villager (Male) |
| 17:14 | Crear | Villager (Male) |
| 17:14 | Crear | Villager (Male) |
| 17:15 | Crear | Villager (Male) |
| 17:27 | Construir | Farm |
| 17:31 | Construir | Farm |
| 17:33 | Construir | Farm |
| 17:36 | Construir | Farm |
| 17:38 | Crear | Villager (Male) |
| 17:38 | Crear | Villager (Male) |
| 17:38 | Crear | Villager (Male) |
| 17:38 | Crear | Villager (Male) |
| 17:40 | Construir | Farm |
| 17:43 | Construir | House |
| 18:07 | Construir | Mining Camp |
| 18:09 | Crear | Villager (Male) |
| 18:10 | Crear | Villager (Male) |
| 18:10 | Crear | Villager (Male) |
| 18:10 | Crear | Villager (Male) |
| 18:20 | Construir | Farm |
| 18:27 | Construir | Farm |
| 18:29 | Construir | Farm |
| 18:36 | Construir | House |
| 18:36 | Construir | House |
| 18:37 | Construir | House |
| 18:37 | Construir | House |
| 18:45 | Crear | Villager (Male) |
| 18:45 | Crear | Villager (Male) |
| 18:45 | Crear | Villager (Male) |
| 18:46 | Crear | Villager (Male) |
| 18:46 | Crear | Villager (Male) |
| 18:46 | Crear | Villager (Male) |
| 18:52 | Construir | Farm |
| 18:57 | Construir | Farm |
| 19:15 | Construir | Farm |
| 19:18 | Construir | Farm |
| 19:23 | Crear | Villager (Male) |
| 19:23 | Crear | Villager (Male) |
| 19:23 | Crear | Villager (Male) |
| 19:23 | Crear | Villager (Male) |
| 19:39 | Construir | House |
| 19:40 | Construir | House |
| 19:46 | Construir | House |
Build order — VkA | Teiuska
Primeras 150 de 583 acciones detectadas
| 0:02 | Crear | Villager (Male) |
| 0:02 | Crear | Villager (Male) |
| 0:03 | Crear | Villager (Male) |
| 0:03 | Crear | Villager (Male) |
| 0:03 | Crear | Villager (Male) |
| 0:04 | Construir | House |
| 0:07 | Construir | House |
| 1:32 | Crear | Villager (Male) |
| 1:53 | Construir | Lumber Camp |
| 2:09 | Crear | Villager (Male) |
| 2:09 | Crear | Villager (Male) |
| 2:31 | Crear | Villager (Male) |
| 2:31 | Crear | Villager (Male) |
| 2:45 | Crear | Villager (Male) |
| 2:46 | Crear | Villager (Male) |
| 3:13 | Crear | Villager (Male) |
| 3:14 | Crear | Villager (Male) |
| 3:15 | Crear | Villager (Male) |
| 3:57 | Construir | House |
| 3:59 | Construir | House |
| 4:01 | Crear | Villager (Male) |
| 4:01 | Crear | Villager (Male) |
| 4:50 | Crear | Villager (Male) |
| 4:52 | Crear | Villager (Male) |
| 4:52 | Crear | Villager (Male) |
| 4:52 | Crear | Villager (Male) |
| 5:10 | Construir | Mill |
| 5:40 | Crear | Villager (Male) |
| 6:23 | Investigar | Double-Bit Axe |
| 6:24 | Investigar | Double-Bit Axe |
| 6:53 | Crear | Villager (Male) |
| 7:08 | Crear | Villager (Male) |
| 7:18 | Construir | Farm |
| 7:51 | Construir | Farm |
| 7:53 | Crear | Villager (Male) |
| 8:04 | Crear | Villager (Male) |
| 8:10 | Investigar | Feudal Age |
| 8:29 | Construir | Mining Camp |
| 9:03 | Construir | House |
| 9:40 | Construir | Barracks |
| 10:32 | Crear | Villager (Male) |
| 10:32 | Crear | Villager (Male) |
| 10:59 | Edad | Edad Feudal |
| 11:01 | Construir | Stable |
| 11:05 | Construir | Blacksmith |
| 11:06 | Construir | House |
| 12:00 | Investigar | Castle Age |
| 12:00 | Investigar | Castle Age |
| 12:16 | Investigar | Horse Collar |
| 12:17 | Investigar | Horse Collar |
| 12:20 | Construir | Farm |
| 12:21 | Construir | Farm |
| 12:32 | Construir | Farm |
| 12:48 | Crear | Scout Cavalry |
| 13:10 | Construir | Farm |
| 13:18 | Investigar | Bow Saw |
| 13:42 | Crear | Villager (Male) |
| 14:40 | Edad | Edad de los Castillos |
| 14:45 | Crear | Scout Cavalry |
| 14:47 | Construir | Monastery |
| 14:54 | Crear | Scout Cavalry |
| 15:12 | Crear | Villager (Male) |
| 15:15 | Construir | Farm |
| 15:19 | Construir | Farm |
| 15:37 | Crear | Monk |
| 15:40 | Crear | Villager (Male) |
| 15:51 | Construir | Town Center |
| 16:00 | Crear | Villager (Male) |
| 16:03 | Construir | Town Center |
| 16:05 | Construir | Farm |
| 16:09 | Crear | Monk |
| 16:19 | Crear | Villager (Male) |
| 16:28 | Construir | Farm |
| 16:30 | Construir | Farm |
| 16:52 | Construir | Farm |
| 17:22 | Crear | Villager (Male) |
| 17:23 | Crear | Villager (Male) |
| 17:23 | Crear | Villager (Male) |
| 17:34 | Crear | Villager (Male) |
| 17:35 | Crear | Villager (Male) |
| 17:37 | Construir | Farm |
| 17:38 | Construir | Farm |
| 17:42 | Construir | Farm |
| 17:44 | Construir | Farm |
| 17:47 | Construir | Farm |
| 17:51 | Construir | Farm |
| 17:57 | Crear | Villager (Male) |
| 17:58 | Crear | Villager (Male) |
| 18:03 | Construir | Farm |
| 18:09 | Crear | Villager (Male) |
| 18:10 | Crear | Villager (Male) |
| 18:24 | Crear | Villager (Male) |
| 18:25 | Crear | Villager (Male) |
| 18:36 | Crear | Villager (Male) |
| 18:38 | Construir | Farm |
| 18:41 | Construir | House |
| 18:42 | Construir | House |
| 18:45 | Construir | House |
| 19:00 | Crear | Villager (Male) |
| 19:00 | Crear | Villager (Male) |
| 19:03 | Construir | House |
| 19:03 | Construir | House |
| 19:05 | Construir | House |
| 19:06 | Construir | House |
| 19:11 | Construir | Farm |
| 19:13 | Construir | Farm |
| 19:14 | Construir | Farm |
| 19:22 | Investigar | Wheelbarrow |
| 19:23 | Crear | Villager (Male) |
| 19:24 | Crear | Villager (Male) |
| 19:24 | Crear | Villager (Male) |
| 19:29 | Construir | Farm |
| 19:32 | Construir | Farm |
| 19:32 | Construir | Farm |
| 19:43 | Construir | Farm |
| 19:44 | Crear | Villager (Male) |
| 19:45 | Crear | Villager (Male) |
| 20:21 | Crear | Villager (Male) |
| 20:21 | Crear | Villager (Male) |
| 20:22 | Crear | Villager (Male) |
| 20:23 | Crear | Villager (Male) |
| 20:23 | Crear | Villager (Male) |
| 20:27 | Construir | Farm |
| 20:28 | Construir | Farm |
| 20:33 | Construir | House |
| 20:33 | Construir | House |
| 20:35 | Construir | House |
| 21:02 | Crear | Villager (Male) |
| 21:15 | Investigar | Cavalier (upgrade) |
| 21:17 | Investigar | Scale Barding Armor |
| 21:18 | Crear | Villager (Male) |
| 21:19 | Crear | Villager (Male) |
| 21:21 | Construir | Farm |
| 21:24 | Construir | Farm |
| 21:26 | Construir | Farm |
| 21:29 | Construir | Farm |
| 21:35 | Construir | Farm |
| 21:39 | Construir | Farm |
| 21:40 | Construir | Farm |
| 21:43 | Construir | Farm |
| 21:48 | Construir | Mining Camp |
| 21:51 | Investigar | Loom |
| 21:52 | Crear | Villager (Male) |
| 21:52 | Crear | Villager (Male) |
| 21:53 | Crear | Villager (Male) |
| 21:55 | Construir | Farm |
| 21:56 | Construir | Farm |
| 22:01 | Construir | House |
| 22:03 | Construir | House |
| 22:10 | Crear | Villager (Male) |
Build order — KeremS
Primeras 150 de 562 acciones detectadas
| 0:00 | Crear | Villager (Male) |
| 0:01 | Crear | Villager (Male) |
| 0:01 | Crear | Villager (Male) |
| 0:01 | Crear | Villager (Male) |
| 0:04 | Construir | House |
| 0:05 | Construir | House |
| 1:40 | Crear | Villager (Male) |
| 1:40 | Crear | Villager (Male) |
| 1:57 | Construir | Lumber Camp |
| 1:58 | Crear | Villager (Male) |
| 2:40 | Crear | Villager (Male) |
| 2:40 | Crear | Villager (Male) |
| 3:10 | Crear | Villager (Male) |
| 3:38 | Crear | Villager (Male) |
| 3:38 | Crear | Villager (Male) |
| 3:38 | Crear | Villager (Male) |
| 3:53 | Construir | House |
| 4:27 | Crear | Villager (Male) |
| 4:28 | Crear | Villager (Male) |
| 4:43 | Crear | Villager (Male) |
| 5:20 | Construir | Mill |
| 5:27 | Crear | Villager (Male) |
| 5:27 | Crear | Villager (Male) |
| 6:11 | Crear | Villager (Male) |
| 6:12 | Crear | Villager (Male) |
| 6:13 | Crear | Villager (Male) |
| 6:28 | Construir | House |
| 6:30 | Construir | House |
| 7:18 | Construir | Farm |
| 7:40 | Construir | Farm |
| 7:41 | Crear | Villager (Male) |
| 7:50 | Construir | Mining Camp |
| 7:56 | Construir | Farm |
| 8:09 | Investigar | Feudal Age |
| 9:31 | Crear | Villager (Male) |
| 9:31 | Crear | Villager (Male) |
| 10:19 | Edad | Edad Feudal |
| 10:28 | Construir | Market |
| 10:32 | Construir | Blacksmith |
| 11:26 | Investigar | Castle Age |
| 11:49 | Investigar | Double-Bit Axe |
| 12:17 | Investigar | Loom |
| 12:44 | Crear | Villager (Male) |
| 12:45 | Crear | Villager (Male) |
| 13:27 | Investigar | Horse Collar |
| 13:32 | Construir | House |
| 13:35 | Construir | House |
| 13:35 | Construir | House |
| 14:06 | Edad | Edad de los Castillos |
| 14:13 | Construir | Town Center |
| 14:35 | Construir | Town Center |
| 14:40 | Investigar | Bow Saw |
| 14:44 | Construir | Farm |
| 14:47 | Construir | Farm |
| 14:50 | Construir | Farm |
| 14:52 | Construir | Farm |
| 15:01 | Crear | Villager (Male) |
| 15:01 | Crear | Villager (Male) |
| 15:17 | Crear | Villager (Male) |
| 15:18 | Crear | Villager (Male) |
| 15:42 | Crear | Villager (Male) |
| 15:43 | Crear | Villager (Male) |
| 15:43 | Crear | Villager (Male) |
| 15:51 | Construir | Farm |
| 15:53 | Crear | Villager (Male) |
| 16:05 | Crear | Villager (Male) |
| 16:09 | Crear | Villager (Male) |
| 16:09 | Crear | Villager (Male) |
| 16:46 | Crear | Villager (Male) |
| 16:46 | Crear | Villager (Male) |
| 17:04 | Construir | House |
| 17:21 | Construir | Stone Wall |
| 17:26 | Construir | Stone Wall |
| 17:33 | Construir | House |
| 17:36 | Construir | House |
| 17:49 | Construir | Stone Wall |
| 17:51 | Crear | Villager (Male) |
| 17:51 | Crear | Villager (Male) |
| 17:51 | Crear | Villager (Male) |
| 17:53 | Crear | Villager (Male) |
| 17:53 | Crear | Villager (Male) |
| 17:53 | Crear | Villager (Male) |
| 18:02 | Construir | Siege Workshop |
| 18:08 | Crear | Villager (Male) |
| 18:16 | Construir | Stone Wall |
| 18:17 | Construir | Stone Wall |
| 18:37 | Construir | House |
| 18:37 | Construir | House |
| 18:39 | Construir | House |
| 18:43 | Crear | Villager (Male) |
| 18:48 | Crear | Villager (Male) |
| 18:53 | Construir | Farm |
| 18:53 | Construir | Farm |
| 18:53 | Construir | Farm |
| 18:54 | Construir | Farm |
| 18:54 | Construir | Farm |
| 18:55 | Construir | Farm |
| 19:05 | Crear | Villager (Male) |
| 19:09 | Crear | Mangonel |
| 19:14 | Construir | Farm |
| 19:18 | Construir | Farm |
| 19:30 | Crear | Villager (Male) |
| 19:36 | Construir | Mining Camp |
| 19:40 | Crear | Mangonel |
| 19:40 | Crear | Villager (Male) |
| 19:41 | Crear | Villager (Male) |
| 20:00 | Construir | Outpost |
| 20:03 | Crear | Villager (Male) |
| 20:03 | Crear | Villager (Male) |
| 20:04 | Crear | Villager (Male) |
| 20:04 | Crear | Villager (Male) |
| 20:24 | Construir | Farm |
| 20:25 | Construir | Farm |
| 20:33 | Construir | Farm |
| 20:36 | Crear | Villager (Male) |
| 20:36 | Crear | Villager (Male) |
| 20:36 | Crear | Villager (Male) |
| 20:36 | Crear | Villager (Male) |
| 20:56 | Construir | Farm |
| 20:59 | Crear | Villager (Male) |
| 21:00 | Crear | Villager (Male) |
| 21:00 | Crear | Villager (Male) |
| 21:06 | Construir | Farm |
| 21:07 | Construir | Farm |
| 21:07 | Construir | Farm |
| 21:11 | Construir | Farm |
| 21:11 | Construir | Farm |
| 21:11 | Construir | Farm |
| 21:12 | Construir | Farm |
| 21:12 | Construir | Farm |
| 21:15 | Construir | Farm |
| 21:16 | Construir | Farm |
| 21:17 | Crear | Villager (Male) |
| 21:17 | Crear | Villager (Male) |
| 21:53 | Crear | Villager (Male) |
| 21:54 | Crear | Villager (Male) |
| 21:54 | Crear | Villager (Male) |
| 21:57 | Construir | Farm |
| 21:57 | Construir | Farm |
| 21:58 | Construir | Farm |
| 22:05 | Crear | Villager (Male) |
| 22:05 | Crear | Villager (Male) |
| 22:06 | Crear | Villager (Male) |
| 22:29 | Construir | House |
| 22:43 | Crear | Villager (Male) |
| 22:43 | Crear | Villager (Male) |
| 22:44 | Crear | Villager (Male) |
| 22:44 | Crear | Villager (Male) |
| 22:53 | Construir | House |
| 22:54 | Construir | House |
Build order — fthkzlty
Primeras 150 de 448 acciones detectadas
| 0:00 | Crear | Villager (Male) |
| 0:01 | Crear | Villager (Male) |
| 0:01 | Crear | Villager (Male) |
| 0:02 | Construir | House |
| 0:03 | Construir | House |
| 0:31 | Crear | Villager (Male) |
| 1:22 | Crear | Villager (Male) |
| 1:23 | Crear | Villager (Male) |
| 1:47 | Construir | Lumber Camp |
| 2:02 | Crear | Villager (Male) |
| 2:02 | Crear | Villager (Male) |
| 2:18 | Crear | Villager (Male) |
| 2:18 | Crear | Villager (Male) |
| 2:43 | Crear | Villager (Male) |
| 2:43 | Crear | Villager (Male) |
| 3:17 | Crear | Villager (Male) |
| 3:17 | Crear | Villager (Male) |
| 3:39 | Crear | Villager (Male) |
| 3:40 | Crear | Villager (Male) |
| 3:50 | Construir | House |
| 3:54 | Construir | House |
| 4:27 | Crear | Villager (Male) |
| 4:27 | Crear | Villager (Male) |
| 4:27 | Crear | Villager (Male) |
| 4:50 | Crear | Villager (Male) |
| 4:50 | Crear | Villager (Male) |
| 5:12 | Crear | Villager (Male) |
| 5:12 | Crear | Villager (Male) |
| 5:12 | Crear | Villager (Male) |
| 5:34 | Construir | Mill |
| 6:06 | Crear | Villager (Male) |
| 6:07 | Crear | Villager (Male) |
| 6:07 | Crear | Villager (Male) |
| 6:07 | Crear | Villager (Male) |
| 6:27 | Construir | Farm |
| 7:13 | Construir | Mining Camp |
| 7:16 | Crear | Villager (Male) |
| 8:18 | Investigar | Feudal Age |
| 8:48 | Construir | Farm |
| 9:12 | Construir | Farm |
| 9:41 | Crear | Villager (Male) |
| 10:14 | Construir | Farm |
| 10:38 | Construir | House |
| 10:57 | Construir | Blacksmith |
| 11:05 | Construir | Market |
| 11:09 | Crear | Villager (Male) |
| 11:27 | Construir | Farm |
| 11:51 | Investigar | Castle Age |
| 11:55 | Construir | Farm |
| 11:57 | Investigar | Double-Bit Axe |
| 12:24 | Construir | Farm |
| 13:22 | Crear | Villager (Male) |
| 13:22 | Crear | Villager (Male) |
| 13:27 | Investigar | Horse Collar |
| 14:32 | Construir | Town Center |
| 14:37 | Construir | Town Center |
| 14:42 | Crear | Villager (Male) |
| 15:24 | Crear | Villager (Male) |
| 15:43 | Construir | Mining Camp |
| 15:53 | Crear | Villager (Male) |
| 15:55 | Crear | Villager (Male) |
| 15:55 | Crear | Villager (Male) |
| 16:02 | Crear | Villager (Male) |
| 16:02 | Crear | Villager (Male) |
| 16:02 | Crear | Villager (Male) |
| 16:22 | Crear | Villager (Male) |
| 16:23 | Crear | Villager (Male) |
| 16:23 | Crear | Villager (Male) |
| 16:37 | Construir | House |
| 16:38 | Construir | House |
| 16:38 | Construir | House |
| 16:40 | Construir | Farm |
| 16:42 | Crear | Villager (Male) |
| 16:42 | Investigar | Loom |
| 16:45 | Construir | Farm |
| 16:48 | Construir | Farm |
| 16:51 | Construir | Farm |
| 16:54 | Construir | Farm |
| 16:56 | Crear | Villager (Male) |
| 16:56 | Crear | Villager (Male) |
| 16:57 | Crear | Villager (Male) |
| 17:07 | Investigar | Bow Saw |
| 17:11 | Construir | Farm |
| 17:12 | Crear | Villager (Male) |
| 17:19 | Investigar | Wheelbarrow |
| 17:21 | Crear | Villager (Male) |
| 17:33 | Crear | Villager (Male) |
| 17:37 | Construir | Farm |
| 17:41 | Crear | Villager (Male) |
| 17:53 | Crear | Villager (Male) |
| 17:58 | Construir | Farm |
| 18:00 | Construir | Farm |
| 18:02 | Construir | Farm |
| 18:08 | Construir | House |
| 18:10 | Crear | Villager (Male) |
| 18:11 | Crear | Villager (Male) |
| 18:32 | Investigar | Heavy Plow |
| 18:32 | Investigar | Heavy Plow |
| 18:39 | Crear | Villager (Male) |
| 18:43 | Construir | Farm |
| 18:48 | Construir | Farm |
| 18:50 | Construir | House |
| 18:53 | Construir | House |
| 18:54 | Construir | House |
| 18:56 | Crear | Villager (Male) |
| 18:57 | Crear | Villager (Male) |
| 19:03 | Construir | Farm |
| 19:06 | Construir | Farm |
| 19:08 | Construir | Farm |
| 19:11 | Crear | Villager (Male) |
| 19:11 | Crear | Villager (Male) |
| 19:14 | Construir | Farm |
| 19:20 | Investigar | Loom |
| 19:22 | Crear | Villager (Male) |
| 19:36 | Crear | Villager (Male) |
| 19:37 | Crear | Villager (Male) |
| 19:43 | Construir | Farm |
| 19:50 | Crear | Villager (Male) |
| 19:51 | Crear | Villager (Male) |
| 20:01 | Construir | Farm |
| 20:04 | Crear | Villager (Male) |
| 20:19 | Construir | University |
| 20:24 | Investigar | Hand Cart |
| 20:30 | Crear | Villager (Male) |
| 20:30 | Crear | Villager (Male) |
| 20:33 | Crear | Villager (Male) |
| 20:34 | Crear | Villager (Male) |
| 20:36 | Construir | Farm |
| 20:45 | Construir | House |
| 20:46 | Construir | House |
| 20:47 | Construir | House |
| 20:52 | Crear | Villager (Male) |
| 20:53 | Crear | Villager (Male) |
| 20:58 | Construir | Farm |
| 21:00 | Construir | Farm |
| 21:03 | Construir | Farm |
| 21:06 | Crear | Villager (Male) |
| 21:08 | Crear | Villager (Male) |
| 21:32 | Crear | Villager (Male) |
| 21:32 | Crear | Villager (Male) |
| 21:34 | Crear | Villager (Male) |
| 21:34 | Crear | Villager (Male) |
| 21:56 | Crear | Villager (Male) |
| 21:57 | Crear | Villager (Male) |
| 21:57 | Crear | Villager (Male) |
| 22:12 | Crear | Villager (Male) |
| 22:29 | Construir | Siege Workshop |
| 22:34 | Crear | Villager (Male) |
| 22:35 | Crear | Villager (Male) |
| 22:36 | Crear | Villager (Male) |
Build order — FirstLady
Primeras 150 de 398 acciones detectadas
| 0:02 | Crear | Villager (Male) |
| 0:02 | Crear | Villager (Male) |
| 0:05 | Construir | House |
| 0:07 | Construir | House |
| 0:40 | Crear | Villager (Male) |
| 0:41 | Crear | Villager (Male) |
| 1:49 | Crear | Villager (Male) |
| 2:06 | Crear | Villager (Male) |
| 2:22 | Crear | Villager (Male) |
| 2:28 | Construir | Lumber Camp |
| 3:04 | Crear | Villager (Male) |
| 3:04 | Crear | Villager (Male) |
| 3:31 | Crear | Villager (Male) |
| 3:31 | Crear | Villager (Male) |
| 4:01 | Construir | House |
| 4:35 | Crear | Villager (Male) |
| 4:35 | Crear | Villager (Male) |
| 4:36 | Crear | Villager (Male) |
| 6:05 | Crear | Villager (Male) |
| 6:05 | Crear | Villager (Male) |
| 6:06 | Crear | Villager (Male) |
| 6:59 | Construir | Mill |
| 7:14 | Investigar | Loom |
| 7:31 | Construir | Mining Camp |
| 7:40 | Investigar | Feudal Age |
| 8:19 | Crear | Villager (Male) |
| 8:19 | Crear | Villager (Male) |
| 8:37 | Construir | House |
| 9:05 | Crear | Villager (Male) |
| 9:55 | Edad | Edad Feudal |
| 10:17 | Crear | Villager (Male) |
| 10:30 | Crear | Villager (Male) |
| 10:57 | Construir | House |
| 11:06 | Crear | Villager (Male) |
| 11:20 | Construir | Market |
| 12:05 | Construir | Blacksmith |
| 12:09 | Crear | Villager (Male) |
| 12:11 | Crear | Villager (Male) |
| 12:41 | Crear | Villager (Male) |
| 13:33 | Investigar | Castle Age |
| 13:39 | Construir | Farm |
| 13:43 | Construir | Farm |
| 13:45 | Construir | Farm |
| 14:03 | Construir | Farm |
| 14:06 | Construir | Farm |
| 14:14 | Construir | Farm |
| 14:17 | Construir | Farm |
| 14:20 | Construir | Farm |
| 14:30 | Construir | House |
| 14:37 | Investigar | Double-Bit Axe |
| 14:40 | Crear | Villager (Male) |
| 14:54 | Crear | Villager (Male) |
| 15:34 | Construir | Barracks |
| 16:02 | Construir | Farm |
| 16:08 | Crear | Villager (Male) |
| 16:20 | Edad | Edad de los Castillos |
| 16:48 | Construir | Stable |
| 17:28 | Crear | Villager (Male) |
| 17:29 | Crear | Villager (Male) |
| 17:45 | Construir | House |
| 17:48 | Crear | Knight |
| 17:49 | Crear | Knight |
| 17:49 | Crear | Knight |
| 17:49 | Crear | Knight |
| 18:10 | Construir | Farm |
| 18:36 | Construir | Town Center |
| 18:44 | Crear | Villager (Male) |
| 18:44 | Crear | Villager (Male) |
| 18:52 | Crear | Scout Cavalry |
| 18:55 | Crear | Knight |
| 18:55 | Crear | Knight |
| 19:15 | Crear | Villager (Male) |
| 19:18 | Investigar | Scale Barding Armor |
| 19:26 | Crear | Villager (Male) |
| 19:38 | Construir | House |
| 19:42 | Crear | Villager (Male) |
| 19:43 | Crear | Villager (Male) |
| 19:46 | Construir | Farm |
| 19:59 | Construir | Farm |
| 20:02 | Crear | Villager (Male) |
| 20:10 | Construir | Farm |
| 20:14 | Crear | Villager (Male) |
| 20:19 | Construir | House |
| 20:24 | Crear | Knight |
| 20:51 | Crear | Villager (Male) |
| 20:54 | Crear | Villager (Male) |
| 21:11 | Construir | Farm |
| 21:15 | Construir | Farm |
| 21:23 | Construir | Town Center |
| 21:45 | Crear | Knight |
| 21:45 | Crear | Knight |
| 21:48 | Crear | Villager (Male) |
| 21:48 | Crear | Villager (Male) |
| 21:48 | Crear | Villager (Male) |
| 21:51 | Construir | Farm |
| 21:55 | Construir | House |
| 21:56 | Construir | House |
| 22:08 | Construir | Farm |
| 22:17 | Crear | Villager (Male) |
| 22:17 | Crear | Villager (Male) |
| 22:32 | Construir | Farm |
| 23:23 | Crear | Knight |
| 23:24 | Crear | Knight |
| 23:29 | Crear | Villager (Male) |
| 23:29 | Crear | Villager (Male) |
| 23:29 | Crear | Villager (Male) |
| 23:33 | Construir | Farm |
| 23:36 | Construir | Farm |
| 23:38 | Crear | Villager (Male) |
| 23:38 | Crear | Villager (Male) |
| 23:41 | Construir | Farm |
| 23:41 | Construir | Farm |
| 23:42 | Construir | Farm |
| 23:42 | Construir | Farm |
| 23:51 | Crear | Villager (Male) |
| 23:54 | Crear | Villager (Male) |
| 23:55 | Crear | Villager (Male) |
| 23:55 | Crear | Villager (Male) |
| 24:07 | Crear | Villager (Male) |
| 24:13 | Crear | Villager (Male) |
| 24:13 | Crear | Villager (Male) |
| 24:42 | Construir | Farm |
| 24:52 | Crear | Villager (Male) |
| 24:52 | Crear | Villager (Male) |
| 24:52 | Crear | Villager (Male) |
| 24:53 | Crear | Villager (Male) |
| 24:54 | Crear | Villager (Male) |
| 24:58 | Construir | Farm |
| 25:01 | Construir | Farm |
| 25:08 | Construir | House |
| 25:11 | Construir | Lumber Camp |
| 25:46 | Construir | Farm |
| 25:50 | Crear | Villager (Male) |
| 25:50 | Crear | Villager (Male) |
| 25:55 | Crear | Knight |
| 25:56 | Crear | Knight |
| 25:56 | Crear | Knight |
| 26:03 | Construir | Stable |
| 26:05 | Construir | Stable |
| 26:08 | Crear | Villager (Male) |
| 26:09 | Crear | Villager (Male) |
| 26:11 | Construir | Farm |
| 26:11 | Construir | Farm |
| 26:11 | Construir | Farm |
| 26:11 | Construir | Farm |
| 26:12 | Construir | Farm |
| 26:12 | Construir | Farm |
| 26:12 | Construir | Farm |
| 26:17 | Construir | House |
| 26:50 | Construir | Siege Workshop |
Build order — Empiio
Primeras 150 de 368 acciones detectadas
| 0:01 | Crear | Villager (Male) |
| 0:02 | Crear | Villager (Male) |
| 0:02 | Crear | Villager (Male) |
| 0:02 | Crear | Villager (Male) |
| 0:02 | Crear | Villager (Male) |
| 0:07 | Construir | House |
| 0:09 | Construir | House |
| 1:17 | Investigar | Loom |
| 1:27 | Crear | Villager (Male) |
| 1:27 | Crear | Villager (Male) |
| 2:05 | Construir | Lumber Camp |
| 2:05 | Crear | Villager (Male) |
| 2:06 | Crear | Villager (Male) |
| 2:12 | Crear | Villager (Male) |
| 2:49 | Crear | Villager (Male) |
| 2:49 | Crear | Villager (Male) |
| 3:19 | Crear | Villager (Male) |
| 3:19 | Crear | Villager (Male) |
| 3:39 | Construir | House |
| 3:44 | Crear | Villager (Male) |
| 3:44 | Crear | Villager (Male) |
| 4:22 | Crear | Villager (Male) |
| 4:23 | Crear | Villager (Male) |
| 4:23 | Crear | Villager (Male) |
| 4:28 | Construir | Mill |
| 4:37 | Crear | Villager (Male) |
| 4:37 | Crear | Villager (Male) |
| 5:14 | Crear | Villager (Male) |
| 5:15 | Crear | Villager (Male) |
| 5:35 | Crear | Villager (Male) |
| 6:09 | Crear | Villager (Male) |
| 6:13 | Construir | House |
| 6:54 | Crear | Villager (Male) |
| 7:19 | Crear | Villager (Male) |
| 7:53 | Construir | Mining Camp |
| 8:09 | Investigar | Feudal Age |
| 8:49 | Construir | House |
| 9:47 | Crear | Villager (Male) |
| 9:47 | Crear | Villager (Male) |
| 10:07 | Construir | Farm |
| 10:19 | Edad | Edad Feudal |
| 10:19 | Construir | Farm |
| 10:26 | Construir | Market |
| 10:35 | Construir | Blacksmith |
| 11:29 | Investigar | Castle Age |
| 11:29 | Investigar | Castle Age |
| 11:56 | Investigar | Double-Bit Axe |
| 12:22 | Investigar | Horse Collar |
| 12:22 | Investigar | Horse Collar |
| 12:48 | Construir | Farm |
| 12:50 | Construir | Farm |
| 13:01 | Crear | Villager (Male) |
| 13:01 | Crear | Villager (Male) |
| 13:19 | Crear | Villager (Male) |
| 14:09 | Edad | Edad de los Castillos |
| 14:13 | Construir | Town Center |
| 14:16 | Crear | Villager (Male) |
| 14:24 | Construir | Town Center |
| 14:32 | Crear | Villager (Male) |
| 14:56 | Investigar | Bow Saw |
| 14:56 | Investigar | Bow Saw |
| 15:19 | Crear | Villager (Male) |
| 15:49 | Investigar | Heavy Plow |
| 15:50 | Crear | Villager (Male) |
| 15:50 | Crear | Villager (Male) |
| 15:57 | Crear | Villager (Male) |
| 15:57 | Crear | Villager (Male) |
| 16:04 | Construir | Farm |
| 16:09 | Construir | Farm |
| 16:17 | Investigar | Loom |
| 16:23 | Construir | Farm |
| 16:28 | Crear | Villager (Male) |
| 16:28 | Crear | Villager (Male) |
| 16:31 | Construir | Farm |
| 16:35 | Construir | Farm |
| 16:43 | Construir | Farm |
| 16:48 | Construir | Farm |
| 16:57 | Construir | Farm |
| 16:59 | Crear | Villager (Male) |
| 16:59 | Crear | Villager (Male) |
| 17:03 | Construir | Farm |
| 17:10 | Construir | Farm |
| 17:14 | Construir | Farm |
| 17:15 | Crear | Villager (Male) |
| 17:15 | Crear | Villager (Male) |
| 17:21 | Construir | Farm |
| 17:27 | Crear | Villager (Male) |
| 17:27 | Crear | Villager (Male) |
| 17:33 | Construir | Farm |
| 17:38 | Construir | Farm |
| 17:38 | Crear | Villager (Male) |
| 17:38 | Crear | Villager (Male) |
| 17:52 | Construir | Farm |
| 18:00 | Construir | Farm |
| 18:01 | Crear | Villager (Male) |
| 18:01 | Crear | Villager (Male) |
| 18:01 | Crear | Villager (Male) |
| 18:04 | Crear | Villager (Male) |
| 18:04 | Crear | Villager (Male) |
| 18:12 | Construir | House |
| 18:13 | Construir | House |
| 18:18 | Construir | Farm |
| 18:18 | Crear | Villager (Male) |
| 18:18 | Crear | Villager (Male) |
| 18:24 | Construir | Farm |
| 18:24 | Construir | Farm |
| 18:24 | Construir | Farm |
| 18:27 | Crear | Villager (Male) |
| 18:28 | Crear | Villager (Male) |
| 18:39 | Investigar | Wheelbarrow |
| 18:40 | Investigar | Wheelbarrow |
| 18:45 | Construir | Farm |
| 18:46 | Crear | Villager (Male) |
| 18:46 | Crear | Villager (Male) |
| 18:57 | Construir | Farm |
| 18:57 | Construir | Farm |
| 19:05 | Construir | Farm |
| 19:07 | Crear | Villager (Male) |
| 19:07 | Crear | Villager (Male) |
| 19:09 | Crear | Villager (Male) |
| 19:09 | Crear | Villager (Male) |
| 19:14 | Crear | Villager (Male) |
| 19:14 | Crear | Villager (Male) |
| 19:14 | Crear | Villager (Male) |
| 19:21 | Construir | Farm |
| 19:22 | Construir | Farm |
| 19:28 | Construir | House |
| 19:29 | Crear | Villager (Male) |
| 19:32 | Construir | Farm |
| 19:37 | Crear | Villager (Male) |
| 19:38 | Crear | Villager (Male) |
| 19:41 | Crear | Villager (Male) |
| 19:41 | Crear | Villager (Male) |
| 19:44 | Construir | Farm |
| 19:45 | Crear | Villager (Male) |
| 19:45 | Crear | Villager (Male) |
| 19:49 | Crear | Villager (Male) |
| 19:59 | Crear | Villager (Male) |
| 19:59 | Crear | Villager (Male) |
| 20:01 | Construir | House |
| 20:11 | Construir | Farm |
| 20:11 | Construir | Farm |
| 20:12 | Crear | Villager (Male) |
| 20:16 | Crear | Villager (Male) |
| 20:16 | Crear | Villager (Male) |
| 20:17 | Crear | Villager (Male) |
| 20:22 | Construir | House |
| 20:23 | Construir | House |
| 20:24 | Crear | Villager (Male) |
| 20:24 | Crear | Villager (Male) |
Cronología de la partida
| 9:40 | VkA | Teiuska · first_building Barracks |
| 9:55 | FirstLady · age_up feudal |
| 10:06 | Erich Müller · age_up feudal |
| 10:19 | Empiio · age_up feudal |
| 10:19 | KeremS · age_up feudal |
| 10:59 | VkA | Teiuska · age_up feudal |
| 11:01 | VkA | Teiuska · first_building Stable |
| 11:17 | Kuheylan · age_up feudal |
| 11:51 | [KT] The Best · age_up feudal |
| 12:47 | Erich Müller · age_up castle |
| 14:06 | KeremS · age_up castle |
| 14:09 | Empiio · age_up castle |
| 14:11 | [KT] The Best · first_market_buy 100 food |
| 14:40 | VkA | Teiuska · age_up castle |
| 14:47 | VkA | Teiuska · first_building Monastery |
| 15:34 | FirstLady · first_building Barracks |
| 15:37 | Kuheylan · age_up castle |
| 15:47 | Kuheylan · first_building Castle |
| 15:47 | Empiio · first_market_buy 100 food |
| 15:55 | Kuheylan · first_building Siege Workshop |
| 16:09 | KeremS · first_market_buy 100 food |
| 16:17 | [KT] The Best · age_up castle |
| 16:19 | [KT] The Best · first_building Castle |
| 16:20 | FirstLady · age_up castle |
| 16:32 | KeremS · first_market_sell 100 wood |
| 16:48 | FirstLady · first_building Stable |
| 17:21 | KeremS · wall_segment Stone Wall x1 |
| 17:26 | KeremS · wall_segment Stone Wall x6 |
| 17:49 | KeremS · wall_segment Stone Wall x9 |
| 18:02 | KeremS · first_building Siege Workshop |
| 18:16 | KeremS · wall_segment Stone Wall x1 |
| 18:17 | KeremS · wall_segment Stone Wall x1 |
| 22:03 | Empiio · first_building Siege Workshop |
| 22:22 | [KT] The Best · first_market_sell 100 wood |
| 22:29 | fthkzlty · first_building Siege Workshop |
| 22:57 | fthkzlty · first_market_sell 100 wood |
| 23:10 | fthkzlty · first_building Castle |
| 23:12 | Erich Müller · first_building Stable |
| 23:17 | Kuheylan · first_building Monastery |
| 23:42 | KeremS · first_building Castle |
| 24:08 | Kuheylan · first_building Barracks |
| 24:40 | Empiio · wall_segment Stone Wall x4 |
| 25:15 | fthkzlty · first_building Barracks |
| 25:23 | Empiio · wall_segment Stone Wall x4 |
| 25:44 | Erich Müller · first_building Castle |
| 25:48 | Empiio · first_building Barracks |
| 26:26 | fthkzlty · first_market_buy 100 wood |
| 26:37 | Erich Müller · age_up imperial |
| 26:50 | FirstLady · first_building Siege Workshop |
| 27:03 | Empiio · first_building Archery Range |
| 27:09 | Kuheylan · first_building Stable |
| 28:20 | Empiio · first_building Monastery |
| 29:05 | KeremS · first_building Barracks |
| 29:14 | VkA | Teiuska · age_up imperial |
| 29:32 | KeremS · wall_segment Stone Wall x1 |
| 29:35 | KeremS · wall_segment Stone Wall x1 |
| 29:41 | KeremS · first_building Archery Range |
| 29:49 | VkA | Teiuska · first_market_sell 100 food |
| 30:02 | KeremS · wall_segment Stone Wall x1 |
| 30:03 | KeremS · wall_segment Stone Wall x1 |
| 30:03 | KeremS · wall_segment Stone Wall x1 |
| 30:04 | KeremS · wall_segment Stone Wall x1 |
| 30:05 | KeremS · wall_segment Stone Wall x1 |
| 30:06 | KeremS · wall_segment Stone Wall x1 |
| 30:06 | KeremS · wall_segment Stone Wall x1 |
| 30:17 | KeremS · wall_segment Stone Wall x1 |
| 30:24 | Kuheylan · age_up imperial |
| 30:37 | KeremS · wall_segment Stone Wall x1 |
| 30:47 | KeremS · wall_segment Stone Wall x1 |
| 30:48 | KeremS · wall_segment Stone Wall x1 |
| 30:48 | KeremS · wall_segment Stone Wall x1 |
| 30:49 | KeremS · wall_segment Stone Wall x1 |
| 30:58 | KeremS · wall_segment Stone Wall x1 |
| 31:00 | KeremS · wall_segment Stone Wall x1 |
| 31:35 | Empiio · age_up imperial |
| 32:47 | VkA | Teiuska · first_building Castle |
| 33:50 | VkA | Teiuska · first_market_buy 100 food |
| 34:13 | Erich Müller · tribute_sent a jugador 1 |
| 34:13 | Erich Müller · tribute_sent a jugador 3 |
| 34:13 | Erich Müller · tribute_sent a jugador 4 |
| 34:13 | Erich Müller · tribute_sent a jugador 5 |
| 34:13 | Erich Müller · tribute_sent a jugador 6 |
| 34:13 | Erich Müller · tribute_sent a jugador 7 |
| 34:13 | Erich Müller · tribute_sent a jugador 8 |
| 34:17 | FirstLady · age_up imperial |
| 34:32 | Erich Müller · tribute_sent a jugador 1 |
| 34:32 | Erich Müller · tribute_sent a jugador 3 |
| 34:32 | Erich Müller · tribute_sent a jugador 4 |
| 34:32 | Erich Müller · tribute_sent a jugador 5 |
| 34:32 | Erich Müller · tribute_sent a jugador 6 |
| 34:32 | Erich Müller · tribute_sent a jugador 7 |
| 34:32 | Erich Müller · tribute_sent a jugador 8 |
| 34:46 | Erich Müller · tribute_sent a jugador 1 |
| 34:46 | Erich Müller · tribute_sent a jugador 3 |
| 34:46 | Erich Müller · tribute_sent a jugador 4 |
| 34:46 | Erich Müller · tribute_sent a jugador 5 |
| 34:46 | Erich Müller · tribute_sent a jugador 6 |
| 34:46 | Erich Müller · tribute_sent a jugador 7 |
| 34:46 | Erich Müller · tribute_sent a jugador 8 |
| 35:55 | Kuheylan · first_market_sell 100 food |
| 36:10 | VkA | Teiuska · first_building Archery Range |
| 36:20 | [KT] The Best · first_building Barracks |
| 36:46 | Empiio · first_building Castle |
| 38:11 | Erich Müller · tribute_sent a jugador 1 |
| 38:11 | Erich Müller · tribute_sent a jugador 3 |
| 38:11 | Erich Müller · tribute_sent a jugador 4 |
| 38:11 | Erich Müller · tribute_sent a jugador 5 |
| 38:11 | Erich Müller · tribute_sent a jugador 6 |
| 38:11 | Erich Müller · tribute_sent a jugador 7 |
| 38:11 | Erich Müller · tribute_sent a jugador 8 |
| 38:14 | Empiio · tribute_sent a jugador 1 |
| 38:14 | Empiio · tribute_sent a jugador 2 |
| 38:14 | Empiio · tribute_sent a jugador 3 |
| 38:14 | Empiio · tribute_sent a jugador 4 |
| 38:14 | Empiio · tribute_sent a jugador 5 |
| 38:14 | Empiio · tribute_sent a jugador 6 |
| 38:14 | Empiio · tribute_sent a jugador 7 |
| 38:52 | Empiio · tribute_sent a jugador 1 |
| 38:52 | Empiio · tribute_sent a jugador 2 |
| 38:52 | Empiio · tribute_sent a jugador 3 |
| 38:52 | Empiio · tribute_sent a jugador 4 |
| 38:52 | Empiio · tribute_sent a jugador 5 |
| 38:52 | Empiio · tribute_sent a jugador 6 |
| 38:52 | Empiio · tribute_sent a jugador 7 |
| 40:22 | Empiio · wall_segment Palisade Wall x1 |
| 40:35 | Empiio · tribute_sent a jugador 1 |
| 40:35 | Empiio · tribute_sent a jugador 2 |
| 40:35 | Empiio · tribute_sent a jugador 3 |
| 40:35 | Empiio · tribute_sent a jugador 4 |
| 40:35 | Empiio · tribute_sent a jugador 5 |
| 40:35 | Empiio · tribute_sent a jugador 6 |
| 40:35 | Empiio · tribute_sent a jugador 7 |
| 41:22 | FirstLady · first_building Archery Range |
| 41:27 | KeremS · age_up imperial |
| 41:31 | Erich Müller · tribute_sent a jugador 1 |
| 41:31 | Erich Müller · tribute_sent a jugador 3 |
| 41:31 | Erich Müller · tribute_sent a jugador 4 |
| 41:31 | Erich Müller · tribute_sent a jugador 5 |
| 41:31 | Erich Müller · tribute_sent a jugador 6 |
| 41:31 | Erich Müller · tribute_sent a jugador 7 |
| 41:31 | Erich Müller · tribute_sent a jugador 8 |
| 43:02 | FirstLady · first_market_sell 500 wood |
| 44:39 | [KT] The Best · first_building Siege Workshop |
| 45:48 | Erich Müller · first_market_sell 100 stone |
| 47:53 | fthkzlty · tribute_sent a jugador 1 |
| 47:53 | fthkzlty · tribute_sent a jugador 2 |
| 47:53 | fthkzlty · tribute_sent a jugador 3 |
| 47:53 | fthkzlty · tribute_sent a jugador 4 |
| 47:53 | fthkzlty · tribute_sent a jugador 6 |
| 47:53 | fthkzlty · tribute_sent a jugador 7 |
| 47:53 | fthkzlty · tribute_sent a jugador 8 |
| 48:25 | Erich Müller · tribute_sent a jugador 1 |
| 48:25 | Erich Müller · tribute_sent a jugador 3 |
| 48:25 | Erich Müller · tribute_sent a jugador 4 |
| 48:25 | Erich Müller · tribute_sent a jugador 5 |
| 48:25 | Erich Müller · tribute_sent a jugador 6 |
| 48:25 | Erich Müller · tribute_sent a jugador 7 |
| 48:25 | Erich Müller · tribute_sent a jugador 8 |
| 48:26 | KeremS · tribute_sent a jugador 1 |
| 48:26 | KeremS · tribute_sent a jugador 2 |
| 48:26 | KeremS · tribute_sent a jugador 3 |
| 48:26 | KeremS · tribute_sent a jugador 5 |
| 48:26 | KeremS · tribute_sent a jugador 6 |
| 48:26 | KeremS · tribute_sent a jugador 7 |
| 48:26 | KeremS · tribute_sent a jugador 8 |
| 48:29 | Erich Müller · tribute_sent a jugador 1 |
| 48:29 | Erich Müller · tribute_sent a jugador 3 |
| 48:29 | Erich Müller · tribute_sent a jugador 4 |
| 48:29 | Erich Müller · tribute_sent a jugador 5 |
| 48:29 | Erich Müller · tribute_sent a jugador 6 |
| 48:29 | Erich Müller · tribute_sent a jugador 7 |
| 48:29 | Erich Müller · tribute_sent a jugador 8 |
| 49:09 | [KT] The Best · age_up imperial |
| 50:48 | fthkzlty · first_building Stable |
| 51:02 | fthkzlty · tribute_sent a jugador 1 |
| 51:02 | fthkzlty · tribute_sent a jugador 2 |
| 51:02 | fthkzlty · tribute_sent a jugador 3 |
| 51:02 | fthkzlty · tribute_sent a jugador 4 |
| 51:02 | fthkzlty · tribute_sent a jugador 6 |
| 51:02 | fthkzlty · tribute_sent a jugador 7 |
| 51:02 | fthkzlty · tribute_sent a jugador 8 |
| 53:53 | Kuheylan · tribute_sent a jugador 1 |
| 53:53 | Kuheylan · tribute_sent a jugador 2 |
| 53:53 | Kuheylan · tribute_sent a jugador 3 |
| 53:53 | Kuheylan · tribute_sent a jugador 4 |
| 53:53 | Kuheylan · tribute_sent a jugador 5 |
| 53:53 | Kuheylan · tribute_sent a jugador 6 |
| 53:53 | Kuheylan · tribute_sent a jugador 8 |
| 55:12 | Empiio · first_market_sell 100 wood |
| 56:30 | Erich Müller · resign |
[ ANÁLISIS IA · 1 CRÉDITO ]
¿Qué pasó realmente en esta partida?
Wolo.gg analiza cada decisión: build order, eco, micro, errores típicos por bracket. Análisis personalizado por WhatsApp o Discord en 30 segundos.
Guía civ
Jemeres
Perfil
Jugador #4825164